 Dungeon Crawl Stone Soup version 0.23-a0-629-gae4348f (webtiles) character file.

38 zishaf the Digger (level 3, 0/28 HPs)
             Began as a Ghoul Earth Elementalist on Dec 27, 2018.
             Slain by a worm (12 damage)
             ... on level 2 of the Dungeon.
             The game lasted 00:02:55 (1080 turns).

zishaf the Digger (Ghoul Earth Elementalist)        Turns: 1080, Time: 00:02:56

Health: 0/28       AC:  2    Str: 11    XL:     3   Next: 43%
Magic:  5/5        EV: 12    Int: 11    God:
Gold:   64         SH:  0    Dex:  9    Spells: 5/6 levels left

rFire    . . .     SeeInvis .     - Unarmed
rCold    + . .     Gourm    .   (no shield)
rNeg     + + +     Faith    .   c - +0 robe
rPois    ∞         Spirit   .   (no helmet)
rElec    .         Reflect  .   (no cloak)
rCorr    .         Harm     .   (no gloves)
MR       .....                  (no boots)
Stlth    ++........             (no amulet)
HPRegen  0.00/turn              (no ring)
MPRegen  0.09/turn              (no ring)

@: rotting
A: rotting body, claws 1, carnivore, cold resistance 1, negative energy
resistance 3, inhibited regeneration, torment resistance, unbreathing
a: no special abilities


You were on level 2 of the Dungeon.
You were not hungry.

You visited 1 branch of the dungeon, and saw 2 of its levels.

You collected 64 gold pieces.

Inventory:

Missiles
 b - 8 stones (quivered)
Armour
 c - a +0 robe (worn)
Scrolls
 a - a scroll of fog {unknown}
 e - 2 scrolls of identify {unknown}
 g - a scroll of fear {unknown}
 i - 2 scrolls of remove curse {unknown}
Potions
 h - a potion of might {unknown}
 j - a potion of haste {unknown}
Comestibles
 d - 6 rations
 f - 8 chunks of flesh


   Skills:
 + Level 1.0 Fighting
 + Level 2.1 Dodging
 - Level 2.1 Stealth
 + Level 1.0 Unarmed Combat
 - Level 2.0 Spellcasting
   Level 0.8 Transmutations
 * Level 3.9 Earth Magic


You had 5 spell levels left.
You knew the following spells:

 Your Spells              Type           Power        Failure   Level  Hunger
a - Sandblast             Erth           #.....       6%          1    ##.....

Your spell library contained the following spells:

 Spells                   Type           Power        Failure   Level  Hunger
 Passwall                 Tmut/Erth      #.......     16%         2    ###....
 Stone Arrow              Conj/Erth      #.....       36%         3    ####...
 Petrify                  Tmut/Erth      #.......     71%         4    #####..
 Lee's Rapid Deconstruct  Erth           #.........   85%         5    ######.


Dungeon Overview and Level Annotations

Branches:
Dungeon (2/15)

Altars:


Innate Abilities, Weirdness & Mutations

Your body is rotting away.
You thrive on raw meat.
You are immune to poison.
You have sharp fingernails.
You are carnivorous and can eat meat at any time.
Your flesh is cold resistant. (rC+)
You are immune to negative energy. (rN+++)
You do not regenerate when monsters are visible.
You are immune to unholy pain and torment.
You can survive without breathing.


Message History

The worm is heavily wounded.
The worm barely misses you.
You barely miss the worm.
The worm is heavily wounded.
You barely miss the worm.
The worm is heavily wounded.
The worm barely misses you.
You scratch the worm.
The worm is severely wounded.
You barely miss the worm.
The worm is severely wounded.
The worm bites you!
You are too injured to fight recklessly!
You are too injured to fight recklessly!
You are too injured to fight recklessly!
You are too injured to fight recklessly!
You barely miss the worm.
The worm is severely wounded.
The worm bites you!
You die...

..#.#.#.# #...#
..#.#.#.####...#.#.##
..#.###...#.........
..#.# #.###..# #...
..#.# #......# ...
###.# #.###..# #.# .
# .# #.#
##.###.####... # .#
#.####.#........#
###.
...........@w....#
##.#
##.######........#
<#.####.# #[.......#
........# #........#
##.###### #..........
÷.........
#..........
##.######.
#########.# #.# .#
#.#


You could see a worm.

Vanquished Creatures
  An adder (D:2)
  2 dart slugs
  2 bats (D:1)
  A giant cockroach (D:1)
  3 goblins
  3 hobgoblins (D:1)
  4 jackals (D:1)
  A ball python (D:1)
  A frilled lizard (D:2)
  A kobold (D:1)
  6 rats
25 creatures vanquished.

Notes
Turn   | Place    | Note
-------+----------+-------------------------------------------
     0 | D:1      | zishaf the Ghoul Earth Elementalist began the quest for the
                  | Orb.
     0 | D:1      | Reached XP level 1. HP: 14/14 MP: 2/2
   155 | D:1      | Reached XP level 2. HP: 4/22 MP: 0/3
   887 | D:2      | Reached skill level 1 in Fighting
   887 | D:2      | Reached XP level 3. HP: 25/28 MP: 2/5
   930 | D:2      | Reached skill level 1 in Unarmed Combat
  1080 | D:2      | Slain by a worm

Vault maps used:
D:1:      matt_arrival_diagonals, item_on_display_a
D:2:      old_standard_altar

Skill      XL: |  1  2  3 |
---------------+----------+-----
Dodging        | 2 |  2.1
Fighting       | 1 |  1.0
Spellcasting   | 2 |  2.0
Unarmed Combat | 1 |  1.0
Stealth        | |  2.1
Transmutations | |  0.8
Earth Magic    | |  3.9

Action                   || total
-------------------------++-------
Melee: Unarmed           ||    80
 Cast: Sandblast         ||    22
  Eat: Chunk             ||     8
Armor: Robe              ||    15
Dodge: Dodged            ||    67

Table legend:
 A = Non-vault XP
 B = Vault XP
 C = Vault XP percentage of total XP
 D = Non-vault monster count
 E = Vault monster count
 F = Vault count percentage of total count
                 A         B        C        D         E       F
            +---------+---------+-------+---------+---------+-------
      Total |      55 |       0 |   0.0 |      25 |       0 |   0.0
            +---------+---------+-------+---------+---------+-------
        D:1 |      32 |       0 |   0.0 |      19 |       0 |   0.0
        D:2 |      23 |       0 |   0.0 |       6 |       0 |   0.0
            +---------+---------+-------+---------+---------+-------
